AoeStats
← Frogger ✟

Arabia

510238732Analyzed
3v3 RM · 2d ago on Sep 30, 2026· 55m 29s· 6 players
Game mode
Random Map
Map size
Normal (6 player)
Population
200
Speed
Normal
Resources
Standard
Victory
Conquest
Starting age
Dark Age
Ending age
Imperial Age
RankedLock teamsTeams togetherTeam positionsShared explorationLock speedFull tech treeHidden civsTurbo modeCheats
Victory
Defeat
🇺🇸 Lithuanians · United States
1183
+14
🇺🇸 Celts · United States
1183
+14
🇺🇸 Mongols · United States
1155
+16
🇨🇱 Saracens · Chile
1191
-16
🇨🇱 Franks · Chile
1151
-15
🇨🇱 Ethiopians · Chile
1092
-13
nono_age
7:29 Loom
9:48 Feudal Age
12:07 Fletching
22:55 Padded Archer Armor
34:52 Castle Age
34:56 Crossbowman
35:44 Thumb Ring
35:44 Bodkin Arrow
36:39 Double-Bit Axe
39:19 Ballistics
41:31 Wheelbarrow
42:53 Leather Archer Armor
44:25 Horse Collar
44:56 Bow Saw
yorzhpizarro
9:18 Loom
11:04 Feudal Age
15:29 Castle Age
13:38 Double-Bit Axe
16:41 Scale Barding Armor
18:17 Husbandry
19:42 Forging
22:59 Scale Mail Armor
24:12 Chain Barding Armor
31:13 Wheelbarrow
31:58 Iron Casting
33:55 Hand Cart
38:31 Imperial Age
39:22 Cavalier
45:21 Plate Barding Armor
45:48 Blast Furnace
48:57 Paladin
newkenneth17
0:27 Loom
11:02 Feudal Age
19:51 Double-Bit Axe
21:13 Fletching
22:02 Padded Archer Armor
22:30 Horse Collar
28:02 Castle Age
28:23 Crossbowman
29:12 Thumb Ring
30:00 Bow Saw
30:19 Elite Skirmisher
30:47 Town Watch
31:00 Bodkin Arrow
31:21 Leather Archer Armor
32:51 Wheelbarrow
37:05 Hand Cart
36:55 Heavy Plow
37:52 Gold Mining
43:27 Forging
43:23 Scale Barding Armor
44:59 Gold Shaft Mining
44:19 Stone Mining
46:51 Iron Casting
46:36 Chain Barding Armor
52:33 Imperial Age
52:59 Capped Ram
53:08 Arbalester
54:45 Town Patrol
Frogger ✟
5:27 Loom
9:28 Feudal Age
9:54 Man-at-Arms
12:25 Fletching
15:03 Double-Bit Axe
17:28 Padded Archer Armor
21:35 Wheelbarrow
24:27 Castle Age
23:13 Scale Mail Armor
23:04 Arson
24:04 Forging
23:49 Stone Mining
25:47 Chain Mail Armor
26:02 Bodkin Arrow
26:09 Gold Mining
25:54 Crossbowman
26:26 Elite Skirmisher
30:37 Horse Collar
32:31 Leather Archer Armor
32:40 Ballistics
32:29 Pikeman
38:26 Stronghold
44:02 Imperial Age
43:36 Iron Casting
45:29 Plate Mail Armor
45:25 Conscription
46:07 Blast Furnace
45:49 Elite Woad Raider
48:45 Ring Archer Armor
50:05 Halberdier
53:57 Bow Saw
Kermit The Frog
6:13 Loom
8:43 Feudal Age
9:36 Double-Bit Axe
18:00 Padded Archer Armor
19:15 Wheelbarrow
22:00 Castle Age
20:19 Fletching
21:10 Bloodlines
21:28 Scale Barding Armor
22:56 Gold Mining
23:43 Chain Barding Armor
28:33 Elite Skirmisher
35:44 Husbandry
35:58 Forging
38:31 Iron Casting
53:48 Bodkin Arrow
54:09 Town Watch
Armageddon002
11:21 Loom
13:06 Feudal Age
14:43 Double-Bit Axe
18:15 Castle Age
16:33 Horse Collar
17:37 Fletching
17:47 Padded Archer Armor
20:49 Bow Saw
20:40 Bodkin Arrow
23:51 Bloodlines
23:41 Husbandry
24:27 Ballistics
25:04 Gold Mining
27:57 Bloodlines
33:00 Leather Archer Armor
38:47 Thumb Ring
42:46 Wheelbarrow
41:57 Town Watch
43:09 Masonry
42:55 Murder Holes
44:33 Hand Cart
47:35 Imperial Age
48:32 Conscription
49:40 Elite Mangudai
51:20 Bracer
Connection lost

Rejoining the realm…

Still unreachable

The connection could not be restored.

Session expired

The server has moved on; the page needs a fresh start.